AoeStats
← 大王同学

African Clearing

503832887Analyzed
4v4 RM · 28d ago on Sep 2, 2026· 45m 5s· 8 players
Game mode
Random Map
Map size
Large (8 player)
Population
200
Speed
Normal
Resources
Standard
Victory
Conquest
Starting age
Dark Age
Ending age
Imperial Age
RankedLock teamsTeams togetherTeam positionsShared explorationLock speedFull tech treeHidden civsTurbo modeCheats
Victory
Defeat
🇭🇰 Berbers · Hong Kong SAR China
1230
+16
🇨🇳 Burgundians · China
1210
+17
1181
+18
🇨🇳 Maya · China
1130
+20
🇮🇳 Spanish · India
1238
-18
🇮🇹 Sicilians · Italy
1227
-18
🇹🇼 Huns · Taiwan
1223
-18
🇫🇷 Malians · France
1201
-17
lord69mark
8:21 Loom
13:45 Feudal Age
18:42 Castle Age
17:03 Double-Bit Axe
17:24 Horse Collar
21:35 Bow Saw
25:33 Pikeman
29:53 Scale Mail Armor
30:03 Forging
31:23 Chain Mail Armor
30:54 Gambesons
31:10 Squires
31:33 Arson
32:44 Wheelbarrow
33:05 First Crusade
35:15 Iron Casting
35:48 Hand Cart
36:53 Fletching
41:23 Imperial Age
39:14 Gold Mining
41:03 Bodkin Arrow
41:26 Heavy Plow
41:29 Halberdier
Rpt
4:46 Loom
14:47 Feudal Age
15:58 Stone Mining
15:55 Double-Bit Axe
19:17 Castle Age
20:30 Forging
20:21 Scale Mail Armor
23:01 Elite Skirmisher
24:23 Fletching
24:36 Padded Archer Armor
28:25 Bodkin Arrow
29:32 Town Watch
30:33 Leather Archer Armor
32:18 Wheelbarrow
32:28 Iron Casting
32:47 Chain Mail Armor
33:38 Wheelbarrow
38:31 Imperial Age
Nope1585
3:15 Loom
14:12 Feudal Age
18:41 Castle Age
17:19 Double-Bit Axe
18:17 Fishing Lines
20:11 Padded Archer Armor
27:43 Gillnets
33:34 Imperial Age
36:12 Wheelbarrow
36:16 Leather Archer Armor
35:52 Fletching
37:21 Hand Cart
42:40 Scale Barding Armor
42:31 Bodkin Arrow
43:38 Bloodlines
43:28 Husbandry
42:50 Cavalier
遠方的燈
4:22 Loom
16:14 Feudal Age
17:49 Double-Bit Axe
18:03 Horse Collar
20:53 Castle Age
19:35 Scale Barding Armor
19:57 Forging
20:06 Bloodlines
21:31 Forging
22:38 Chain Barding Armor
26:05 Scale Mail Armor
29:36 Pikeman
34:02 Squires
36:18 Heavy Plow
38:36 Iron Casting
42:17 Chain Mail Armor
44:29 Bow Saw
哭稀饭(2125613428)
3:22 Loom
12:43 Feudal Age
17:18 Castle Age
15:30 Stone Mining
19:21 Double-Bit Axe
19:57 Fletching
21:50 Gold Mining
22:50 Horse Collar
26:51 Wheelbarrow
31:54 Imperial Age
32:32 Bodkin Arrow
32:57 Hand Cart
32:53 Bow Saw
32:48 Heavy Plow
33:03 Town Watch
36:24 Bracer
37:28 Padded Archer Armor
37:38 Forging
38:35 Two-Man Saw
38:28 Thumb Ring
38:42 Heavy Rocket Cart
41:04 Chemistry
40:25 Ballistics
40:23 Elite Chu Ko Nu
42:30 Leather Archer Armor
45:14 Conscription
45:15 Rocketry
大王同学
14:21 Feudal Age
14:46 Loom
15:52 Double-Bit Axe
18:36 Castle Age
16:37 Gold Mining
17:21 Bloodlines
17:18 Scale Barding Armor
18:14 Forging
19:25 Husbandry
20:54 Gold Shaft Mining
21:43 Wheelbarrow
21:15 Horse Collar
22:56 Bow Saw
26:30 Chain Barding Armor
30:29 Iron Casting
31:25 Town Watch
35:25 Stone Mining
38:39 Imperial Age
38:31 Stone Shaft Mining
39:23 Hand Cart
38:49 Cavalier
41:10 Heavy Plow
42:21 Plate Barding Armor
43:18 Conscription
45:04 Blast Furnace
44:03 Heavy Camel Rider
Wosnwbwk
4:36 Loom
4:43 Loom
15:31 Feudal Age
16:41 Wheelbarrow
16:44 Stone Mining
16:41 Double-Bit Axe
19:04 Castle Age
21:11 Bow Saw
21:09 Scale Barding Armor
32:37 Chain Barding Armor
32:28 Forging
42:26 Imperial Age
42:52 Husbandry
43:13 Cavalier
44:19 Conscription
44:57 Paladin
方霍霍
15:02 Feudal Age
19:27 Castle Age
19:28 Double-Bit Axe
21:56 Fletching
22:08 Padded Archer Armor
22:36 Bodkin Arrow
25:18 Hul'che Javelineers
26:20 Ballistics
31:41 Fishing Lines
37:12 Imperial Age
37:40 Leather Archer Armor
37:51 Elite Genitour
42:19 Thumb Ring
43:34 Bracer
Connection lost

Rejoining the realm…

Still unreachable

The connection could not be restored.

Session expired

The server has moved on; the page needs a fresh start.